 Dungeon Crawl Stone Soup version 0.21.1-1-g345015fe64 (webtiles) character file.

1068 Oravi the Cutter (level 8, -3/54 HPs)
             Began as a Halfling Fighter on Mar 27, 2018.
             Was an Initiate of Okawaru.
             Slain by Oravi's ghost (6 damage)
             ... on level 6 of the Dungeon.
             The game lasted 00:32:25 (5972 turns).

Oravi the Cutter (Halfling Fighter)                 Turns: 5972, Time: 00:32:26

Health: -3/54      AC:  8    Str: 19    XL:     8   Next: 53%
Magic:  8/8        EV:  9    Int:  6    God:    Okawaru [......]
Gold:   243        SH: 11    Dex: 14    Spells: 7/7 levels left

rFire    . . .     SeeInvis +   a - +1 rapier
rCold    . . .     Gourm    .   c - +1 shield
rNeg     . . .     Faith    .   p - +0 scale mail
rPois    .         Spirit   .   z - +0 helmet
rElec    .         Reflect  .   (no cloak)
rCorr    .         Harm     .   (no gloves)
MR       .....                  (no boots)
Stlth    ..........             o - amulet of magic regeneration
HPRegen  0.18/turn              e - ring of flight
MPRegen  0.36/turn              s - ring of see invisible

@: no status effects
A: small, mutation resistance 1
a: Renounce Religion, Evoke Flight


You were on level 6 of the Dungeon.
You worshipped Okawaru.
Okawaru was noncommittal.
You were hungry.

You visited 2 branches of the dungeon, and saw 7 of its levels.

You collected 243 gold pieces.

Inventory:

Hand Weapons
 a - a +1 rapier (weapon)
 b - a +0 hunting sling
Missiles
 i - 196 stones (quivered)
 r - 33 sling bullets
Armour
 c - a +1 shield (worn)
 p - a +0 scale mail (worn)
 z - a +0 helmet (worn)
Jewellery
 e - a ring of flight (left hand)
 o - an amulet of magic regeneration (around neck)
 s - a ring of see invisible (right hand)
Wands
 k - a wand of paralysis (12)
 t - a wand of polymorph (20)
Scrolls
 d - a scroll of magic mapping
 h - 4 scrolls of identify
 l - 3 scrolls of remove curse
 n - 3 scrolls of teleportation
 q - a scroll of blinking
 u - 3 scrolls of fog
 w - a scroll of enchant armour
 y - a scroll of immolation {unknown}
Potions
 g - 2 potions of resistance
 j - a potion of magic
 x - 2 potions of curing
Comestibles
 f - 9 rations


   Skills:
 + Level 3.9 Fighting
 * Level 6.4 Short Blades
 + Level 6.2 Slings
 * Level 6.1 Armour
 + Level 4.8 Shields


You had 7 spell levels left.
You didn't know any spells.

Dungeon Overview and Level Annotations

Branches:
Dungeon (6/15)             Temple (1/1) D:5

Altars:
Ashenzari
Cheibriados
Dithmenos
Elyvilon
Fedhas
Gozag
Hepliaklqana
Makhleb
Nemelex Xobeh
Okawaru
Qazlal
Ru
Sif Muna
Trog
Uskayaw
Vehumet
Wu Jian
Xom
Zin
The Shining One

Annotations:
D:6 Oravi's ghost, novice HaFi


Innate Abilities, Weirdness & Mutations

You are small and have problems with some larger weapons.
You are somewhat resistant to further mutation.


Message History

Oravi's ghost is almost destroyed.
Oravi's ghost hits you!
* * * LOW HITPOINT WARNING * * *
You closely miss Oravi's ghost.
Oravi's ghost is almost destroyed.
You block Oravi's ghost's attack.
You hit Oravi's ghost but do no damage.
Oravi's ghost is almost destroyed.
Oravi's ghost barely misses you.
You hit Oravi's ghost but do no damage.
Oravi's ghost is almost destroyed.
Oravi's ghost hits you.
* * * LOW HITPOINT WARNING * * *
You hit Oravi's ghost but do no damage.
Oravi's ghost is almost destroyed.
Oravi's ghost hits you but does no damage.
You completely miss Oravi's ghost.
Oravi's ghost is almost destroyed.
Oravi's ghost hits you.
You die...

#.#.## #... ..
#..###. # .......
####### .
#W##.#.##....(#
..##<##..#.#..(..#
........###..)...#
..#..##..#.#.....#
........#.##...W@#
.##.##<##.########
#. #.#... #.
.....## ####.#.##
#.#.# #.... ....#.
##. ..


You could see Oravi's ghost.

Vanquished Creatures
  Sigmund (D:3)
  An ogre (D:4)
  The ghost of groda1 the Ducker, an amateur DsGl (D:3)
  A bullfrog (D:5)
  A water moccasin zombie (D:5)
  A scorpion (D:5)
  A crimson imp (D:3)
  A bullfrog zombie (D:5)
  2 hounds (D:4)
  2 orc wizards
  4 orc priests
  3 worker ants
  9 adders
  A gnoll (D:3)
  A howler monkey skeleton (D:5)
  3 adder skeletons
  5 dart slugs
  3 leopard geckos (D:3)
  7 orcs
  8 bats
  6 giant cockroaches
  6 goblins
  9 hobgoblins
  4 jackals (D:1)
  5 kobolds
  2 quokkas
  2 frilled lizards
  A leopard gecko skeleton (D:4)
  A quokka zombie (D:5)
  9 rats
  A plant (D:1)
102 creatures vanquished.

Vanquished Creatures (others)
  5 toadstools (D:1)
5 creatures vanquished.

Grand Total: 107 creatures vanquished

Notes
Turn   | Place    | Note
-------+----------+-------------------------------------------
     0 | D:1      | Oravi the Halfling Fighter began the quest for the Orb.
     0 | D:1      | Reached XP level 1. HP: 15/15 MP: 1/1
   169 | D:1      | Reached XP level 2. HP: 14/20 MP: 2/2
   652 | D:1      | Reached XP level 3. HP: 25/25 MP: 3/3
   930 | D:3      | Noticed groda1's ghost (amateur DsGl)
  1094 | D:2      | Reached skill level 1 in Slings
  1622 | D:2      | Reached XP level 4. HP: 29/30 MP: 4/4
  2059 | D:3      | Noticed Sigmund
  2071 | D:3      | Killed Sigmund
  2071 | D:3      | Reached XP level 5. HP: 23/36 MP: 5/5
  2071 | D:3      | Reached XP level 6. HP: 27/42 MP: 6/6
  2660 | D:3      | Killed groda1's ghost
  2660 | D:3      | Reached skill level 5 in Armour
  2745 | D:3      | Reached XP level 7. HP: 31/46 MP: 7/7
  4162 | D:4      | Reached skill level 5 in Short Blades
  4227 | D:4      | Reached skill level 5 in Slings
  4500 | D:4      | Found a glowing silver altar of Zin.
  4500 | D:4      | Found a deep blue altar of Sif Muna.
  4612 | D:4      | Found a shattered altar of Ashenzari.
  4626 | D:5      | Entered Level 5 of the Dungeon
  4749 | D:4      | Reached XP level 8. HP: 23/52 MP: 8/8
  5303 | D:5      | Found a staircase to the Ecumenical Temple.
  5313 | Temple   | Entered the Ecumenical Temple
  5556 | D:5      | Found an iron altar of Okawaru.
  5562 | D:5      | Became a worshipper of Warmaster Okawaru
  5890 | D:6      | Noticed Oravi's ghost (novice HaFi)
  5972 | D:6      | Slain by Oravi's ghost

Skill      XL: |  1  2  3  4  5  6  7  8 |
---------------+-------------------------+-----
Armour         | 4 5 6 |  6.1
Slings         | 2 4 5 6 |  6.2
Short Blades   | 3 4 5 6 |  6.4
Fighting       | 3 |  3.9
Shields        | 4 |  4.8

Action                   |  1- 3 |  4- 6 |  7- 9 || total
-------------------------+-------+-------+-------++-------
Melee: Rapier            |   129 |   116 |   182 ||   427
 Fire: Hunting sling     |    55 |    21 |   125 ||   201
  Use: Scroll            |       |     8 |     4 ||    12
       Potion            |       |     7 |     4 ||    11
 Stab: Invisible         |       |     3 |       ||     3
  Eat: Chunk             |     1 |     5 |     6 ||    12
       Ration            |       |       |     1 ||     1
Armor: Scale mail        |    35 |    29 |    50 ||   114
       Skin              |       |     1 |    13 ||    14
Dodge: Dodged            |    41 |    34 |    54 ||   129
Block: Shield            |    64 |    63 |    94 ||   221
